Cogmind - Beta 10.2 @@@ ROGUE MODE // 2021.05.01 @ 17:15:08 Player: CrossedViper Result: Destroyed by H-77 Assassin with Coil Gun Performance ------------- Evolutions (7) 3500 Regions Visited (19) 3800 Robots Destroyed (210) 1050 Value Destroyed (9206) 9206 Prototype IDs (11) 220 Alien Tech Used (0) 0 Bonus (3699) 3699 TOTAL SCORE: 21475 Bonus ------- High Alert Combat Kills 1540 Follower Combat Kills 1651 Entered Garrisons 200 Used RIF Installer 500 Friendly Fire -192 Cogmind --------- Core Integrity 0/1300 Matter 285/300 Energy 99/100 System Corruption 23% Temperature Cool (0) Movement Core (50) Location -3/Research Parts ------- > --- POWER (2) -------- (None) > --- PROPULSION (4) --- (None) > --- UTILITY (12) ----- (None) > --- WEAPON (3) ------- (None) > --- INVENTORY (4) ---- Relay Coupler [NC] (31) Relay Coupler [NC] (26) Relay Coupler [NC] (33) Advanced Remote Datajack Peak State ------------ > --- POWER ------------ Micro Fission Core Light Antimatter Reactor > --- PROPULSION ------- Advanced Heavy Treads Centrium Wheel Centrium Wheel > --- UTILITY ---------- Advanced Heat Sink Advanced Cooling System Medium Storage Unit Large Storage Unit Transport Network Coupler Precision Matter Filter Particle Accelerator Quantum Capacitor Advanced Weapon Cycler Improved Hacking Suite > --- WEAPON ----------- Nova Cannon Nova Cannon Nova Cannon > --- INVENTORY -------- Micro Fission Core Heavy Treads Advanced Heavy Treads Improved Kinecellerator Relay Coupler [NC] Relay Coupler [NC] Relay Coupler [NC] Relay Coupler [NC] Gamma Rifle Mini Smartbomb Launcher Mini Smartbomb Launcher Advanced Remote Datajack [Rating: 130] Favorites ----------- Power Light Antimatter Reactor Engine Improved Ion Engine Power Core Micro Fission Core Reactor Light Antimatter Reactor Propulsion Light Treads Treads Light Treads Wheel Centrium Wheel Hover Unit Gravmag Array Utility Large Storage Unit Device Advanced Heat Sink Storage Large Storage Unit Processor Salvage Targeting Computer Hackware Improved Hacking Suite Protection Light Armor Plating Weapon Enhanced Autogun Energy Gun Enhanced Quantum Rifle Energy Cannon Nova Cannon Ballistic Gun Enhanced Autogun Launcher Mini Smartbomb Launcher Slashing Weapon Greatsword Build | -11 -10 -10 -9 -9 -9 -8 -8 -7 -6 -6 -5 -5 -5 -4 -4 -4 -4 -4 -3 ------- Run | Scr Mat Min Mat Min Exi Min Mat Fac Fac Ext Fac Was Fac Fac Gar Fac Upp Upp Res Slots Evolved 14 | . . . 2 . . . 2 2 2 . 2 . . 2 . . . . 2 Power 1 | . . . . . . . . . . . 1 . . . . . . . . Propulsion 2 | . . . . . . . . . 1 . 1 . . . . . . . . Utility 10 | . . . 2 . . . 1 2 1 . . . . 2 . . . . 2 Weapon 1 | . . . . . . . 1 . . . . . . . . . . . . Parts Attached 226 | 5 3 1 23 10 . . 12 22 10 13 2 23 13 17 31 8 1 . 32 Power 22 | 1 . . 3 1 . . . 3 1 1 1 2 . 2 4 1 . . 2 Engine 8 | 1 . . 2 1 . . . 1 1 1 . . . 1 . . . . . Core 8 | . . . 1 . . . . 2 . . 1 . . 1 1 1 . . 1 Reactor 6 | . . . . . . . . . . . . 2 . . 3 . . . 1 Propulsion 48 | 2 . . 6 3 . . 1 2 2 5 1 6 1 5 4 3 . . 7 Treads 40 | 2 . . 6 3 . . 1 2 2 5 1 6 1 2 3 1 . . 5 Leg . | . . . . . . . . . . . . . . . . . . . . Wheel 7 | . . . . . . . . . . . . . . 3 1 2 . . 1 Hover 1 | . . . . . . . . . . . . . . . . . . . 1 Flight . | . . . . . . . . . . . . . . . . . . . . Utility 95 | . 3 1 9 5 . . 4 10 5 4 . 9 9 8 10 3 . . 15 Device 33 | . . 1 1 1 . . 2 3 2 . . 2 4 2 5 . . . 10 Storage 11 | . 2 . 2 . . . . 1 . . . 1 2 2 . . . . 1 Processor 4 | . 1 . . . . . 1 . . . . . . . . 1 . . 1 Hackware 1 | . . . . . . . . . . . . . . . . . . . 1 Protection 46 | . . . 6 4 . . 1 6 3 4 . 6 3 4 5 2 . . 2 Artifact . | . . . . . . . . . . . . . . . . . . . . Weapon 61 | 2 . . 5 1 . . 7 7 2 3 . 6 3 2 13 1 1 . 8 Energy Gun 14 | 1 . . . . . . 3 1 . . . . 1 . 7 . 1 . . Energy Cannon 10 | . . . . . . . 1 . . . . 1 2 . 1 1 . . 4 Ballistic Gun 34 | 1 . . 5 1 . . 3 6 2 3 . 5 . . 5 . . . 3 Ballistic Cannon . | . . . . . . . . . . . . . . . . . . . . Launcher 1 | . . . . . . . . . . . . . . . . . . . 1 Special Weapon . | . . . . . . . . . . . . . . . . . . . . Impact Weapon . | . . . . . . . . . . . . . . . . . . . . Slashing Weapon 2 | . . . . . . . . . . . . . . 2 . . . . . Piercing Weapon . | . . . . . . . . . . . . . . . . . . . . Special Melee Weapon . | . . . . . . . . . . . . . . . . . . . . Unidentified Prototypes 11 | . . 1 1 1 . . 4 . 1 . . . . . . . . . 3 Parts Lost 74 | . . . 3 1 . . 2 1 5 4 . 11 8 4 8 . 1 . 26 Power 9 | . . . 1 . . . . 1 . . . 1 2 1 1 . . . 2 Propulsion 16 | . . . . . . . . . 1 1 . 4 . 2 1 . . . 7 Utility 32 | . . . 1 1 . . 2 . 2 2 . 5 2 1 4 . . . 12 Weapon 17 | . . . 1 . . . . . 2 1 . 1 4 . 2 . 1 . 5 Highest Loss Streak 11 | . . . 2 1 . . 2 1 4 2 . 10 4 2 3 . 1 . 11 Average Slot Usage (%) 88 | . 87 98 93 99 100 100 99 99 98 98 100 67 65 52 84 87 89 89 67 Engine 4 | . 14 14 10 9 11 11 9 3 5 6 5 . . 1 . . . . . Core 1 | . . . . 1 . . . 3 . . 5 . . 2 2 2 5 5 3 Reactor 2 | . . . . . . . . . . . . 8 9 . 7 7 5 5 2 Treads 14 | . 28 28 22 22 22 22 18 15 19 18 23 12 11 7 5 5 5 5 3 Wheel 3 | . . . . . . . . . . . . . . 2 13 14 15 15 7 Device 7 | . . . 6 . . . 8 9 7 13 11 5 6 11 11 10 10 10 14 Storage 13 | . 11 14 17 22 22 22 18 15 13 13 11 3 3 7 10 10 10 10 8 Processor 3 | . 4 12 . . . . 3 7 6 6 5 5 5 5 2 3 5 5 5 Protection 15 | . . . 13 21 22 22 13 20 24 19 17 11 9 6 12 15 15 15 3 Energy Gun 1 | . 14 14 1 . . . 4 1 . . . . 1 . 5 4 . 5 . Energy Cannon 1 | . . . . . . . 3 . . . . 1 3 . 1 . 4 . 4 Ballistic Gun 15 | . 14 14 20 22 22 22 19 21 19 19 17 13 9 . 5 10 10 10 5 Naked Turns 18 | . . . . . . . . . . . . . . . . . . . 18 Heaviest Build 146 | 5 21 21 54 63 52 52 60 85 96 101 100 145 145 132 142 146 124 117 118 Greatest Support 140 | 3 40 40 40 40 40 40 40 44 66 72 102 140 140 93 48 48 48 48 140 Greatest Overweight (x) 8 | 1 2 . 1 1 1 1 1 1 1 2 . 1 1 8 6 3 2 2 3 Average Overweight (x) 1 | . 1 . . 1 1 1 1 1 1 1 . . . 1 2 2 2 2 1 Largest Inventory Capacity 18 | 4 10 10 16 16 16 16 16 18 18 18 18 18 14 12 12 12 12 12 18 Average Capacity 13 | 4 6 10 13 16 16 16 16 16 18 18 18 8 7 10 12 12 12 12 12 Most Carried 18 | 4 7 10 16 16 16 16 16 17 18 18 18 18 8 12 12 12 12 11 14 Average Carried 12 | 2 5 8 12 15 15 15 15 15 17 16 16 8 5 4 10 12 11 11 10 Final Capacity 18 | 4 10 10 16 16 16 16 16 18 18 18 18 4 4 12 12 12 12 12 4 Final Carried 18 | 4 7 10 16 15 16 16 16 17 17 17 18 4 4 12 12 12 11 11 4 Class Distribution -------------------- 30% | Scavenger-Tank 25% | Mutant 21% | Tank 17% | Scavenger-Mutant Dominant Class ---------------- Mutant | -10/Materials Mutant | -10/Mines Scavenger-Mutant | -9/Materials Mutant | -9/Mines Mutant | -9/Exiles Mutant | -8/Mines Tank | -8/Materials Tank | -7/Factory Tank | -6/Factory Scavenger-Tank | -6/Extension Scavenger-Tank | -5/Factory Scavenger-Tank | -5/Waste Scavenger-Tank | -5/Factory Mutant | -4/Factory Scavenger-Tank | -4/Garrison Scavenger-Tank | -4/Factory Scavenger-Tank | -4/Upper Caves Scavenger-Tank | -4/Upper Caves Scavenger-Gunner | -3/Research Resources | -11 -10 -10 -9 -9 -9 -8 -8 -7 -6 -6 -5 -5 -5 -4 -4 -4 -4 -4 -3 ----------- Run | Scr Mat Min Mat Min Exi Min Mat Fac Fac Ext Fac Was Fac Fac Gar Fac Upp Upp Res Matter Collected 7866 | 250 53 17 593 319 15 20 365 708 624 820 156 741 511 115 828 242 464 88 937 Remotely . | . . . . . . . . . . . . . . . . . . . . Salvage Created 14193 | . 261 24 1270 192 . 64 985 872 946 1441 230 1965 1157 228 1792 173 308 24 2261 Parts 685 | . 15 5 83 13 . . 61 50 50 85 10 52 39 16 68 6 19 1 112 Haulers Intercepted 12 | . 1 . 4 . . . 3 1 . . . . 1 . . . . . 2 Recyclers Shooed 15 | . . 1 1 . . . 1 1 1 9 . . 1 . . . . . . Parts Field Recycled . | . . . . . . . . . . . . . . . . . . . . Retrieved Matter . | . . . . . . . . . . . . . . . . . . . . Parts Self-Destructed 60 | . . . . . . . . . . . . . . . . . 52 8 . Prevented . | . . . . . . . . . . . . . . . . . . . . Kills | -11 -10 -10 -9 -9 -9 -8 -8 -7 -6 -6 -5 -5 -5 -4 -4 -4 -4 -4 -3 ------- Run | Scr Mat Min Mat Min Exi Min Mat Fac Fac Ext Fac Was Fac Fac Gar Fac Upp Upp Res Combat Hostiles Destroyed 167 | . 5 2 23 5 . . 13 11 14 13 3 6 12 3 26 2 7 1 21 Melee 8 | . . . . . . . . . . . . . 1 3 4 . . . . Guns 135 | . 5 2 23 5 . . 11 11 14 13 3 6 8 . 13 2 3 1 15 Cannons 19 | . . . . . . . 2 . . . . . 2 . 5 . 4 . 6 Classes Destroyed 18 | . 3 1 4 1 . . 1 3 . 1 . 1 . 1 . . . . 2 Worker 10 | . 1 . 2 . . . 2 1 1 1 . . . 2 . . . . . Builder 2 | . . . . . . . 1 . . 1 . . . . . . . . . Tunneler 2 | . . . . . . . . . . . . . . 2 . . . . . Hauler 12 | . 1 . 4 . . . 3 1 . . . . 1 . . . . . 2 Recycler 15 | . . . 2 . . 1 2 3 . 3 . . 2 . . . . . 2 Operator 1 | . . . . . . . . . . . . . . . . . . . 1 Watcher 1 | . . . . . . . . 1 . . . . . . . . . . . Swarmer 26 | . . 2 7 . . . 3 1 . . . . 2 1 5 . 4 1 . Saboteur 1 | . . . . . . . . . . . . . . . . . . . 1 Grunt 70 | . 5 . 7 3 . . 6 4 9 5 2 . 5 . 12 . 2 . 10 Brawler 9 | . . . 1 1 . . . . 1 . 1 . . . 4 . . . 1 Duelist 7 | . . . 1 . . . 1 . . 1 . . . . 1 1 . . 2 Sentry 24 | . . . 7 . . . 3 . 1 2 . . 4 1 2 1 . . 3 Hunter 9 | . . . . . . . . 4 2 1 . . . . 1 . 1 . . Programmer 11 | . . . . . . . . 2 1 2 . . 1 1 1 . . . 3 Behemoth 3 | . . . . . . . . . . 2 . . . . . . . . 1 Compactor 6 | . . . . . . . . . . . . 6 . . . . . . . Assembled 1 | . . . . 1 . . . . . . . . . . . . . . . Thug 1 | . . . . . . . 1 . . . . . . . . . . . . Best Kill Streak 11 | . 3 2 11 2 . 1 5 5 8 8 3 3 3 2 4 1 2 1 8 Combat Bots Only 8 | . 2 2 4 2 . . 4 3 7 5 3 3 3 1 4 1 2 1 8 Max Kills in Single Turn 3 | . 1 1 2 1 . 1 2 2 1 2 1 1 1 1 1 1 1 1 3 Gunslinging 2 | . . . 1 . . . 1 . . . . . . . . . . . 2 Exploded . | . . . . . . . . . . . . . . . . . . . . Melee 1 | . . . . . . . . . . . . . 1 1 1 . . . . Uniques/NPCs Destroyed . | . . . . . . . . . . . . . . . . . . . . Combat | -11 -10 -10 -9 -9 -9 -8 -8 -7 -6 -6 -5 -5 -5 -4 -4 -4 -4 -4 -3 -------- Run | Scr Mat Min Mat Min Exi Min Mat Fac Fac Ext Fac Was Fac Fac Gar Fac Upp Upp Res Damage Taken 24278 | . 76 48 1360 368 . . 581 789 1340 1419 246 1135 4069 931 3434 515 1076 74 6817 Core 2253 | . 12 18 197 11 . . 55 22 117 49 18 69 136 113 67 27 26 . 1316 Absorbed by Shields 213 | . . . . . . . . 8 . 205 . . . . . . . . . Reduced by Siege Mode 256 | . . . . . . . . . . . . 17 40 26 . . . . 173 Core Remaining (%) 82 | 100 . 88 . . . 48 90 96 . 80 . . 77 . . . . 79 . Volleys Fired 651 | . 26 4 85 21 . . 40 59 53 48 9 44 53 . 76 12 34 4 83 Largest 3 | . 2 2 2 2 . . 3 3 3 3 3 3 3 . 3 3 3 3 3 Hottest 339 | . 60 60 60 56 . . 116 100 78 84 84 84 176 . 231 174 190 174 339 Shots Fired 1630 | . 52 8 167 42 . . 120 177 155 141 27 122 134 . 161 33 90 12 189 Gun 1477 | . 52 8 167 42 . . 107 177 155 141 27 122 116 . 124 33 64 12 130 Cannon 153 | . . . . . . . 13 . . . . . 18 . 37 . 26 . 59 Launcher . | . . . . . . . . . . . . . . . . . . . . Special . | . . . . . . . . . . . . . . . . . . . . Kinetic 1317 | . 26 4 157 42 . . 93 176 155 141 27 122 106 . 59 22 63 8 116 Thermal 250 | . 26 4 10 . . . 18 . . . . . 12 . 65 11 27 4 73 Explosive . | . . . . . . . . . . . . . . . . . . . . Electromagnetic 63 | . . . . . . . 9 1 . . . . 16 . 37 . . . . Robot Hit Streak 97 | . 9 2 20 6 . . 13 12 36 13 13 90 97 . 21 6 8 2 24 Robot Miss Streak 7 | . 4 1 2 4 . . 3 5 3 7 4 5 2 . 4 5 5 4 3 Penetration Max 2 | . . . . . . . . . . . 1 1 1 . 1 2 1 . 2 Secondary Targets 28 | . . . 6 1 . . 3 . 3 2 1 2 . . 1 1 . 1 7 Max Gunslinging Chain 2 | . . . 1 1 . . 1 . 1 1 1 1 . . 1 1 . 1 2 Capacitor 4 | . . . . . . . . . . . . . . . . . . . 4 Shots Hit Robots 1207 | . 36 4 126 25 . . 72 110 115 127 24 117 107 22 121 21 50 4 126 Core Hits 575 | . 13 2 49 9 . 1 33 34 52 128 14 54 34 6 49 4 21 1 71 Critical Hits 86 | . . . 1 1 . . 1 2 1 . . . 4 1 15 5 16 . 39 Critical Kills 24 | . . . . . . . . . . . . . . . 6 . 4 . 14 Critical Parts Destroyed 46 | . . . 1 1 . . 1 2 1 . . . 4 1 6 5 4 . 20 Melee Attacks 56 | . . . . . . . . . . . . . . 27 29 . . . . Impact . | . . . . . . . . . . . . . . . . . . . . Slashing 56 | . . . . . . . . . . . . . . 27 29 . . . . Piercing . | . . . . . . . . . . . . . . . . . . . . Sneak Attacks 5 | . . . . . . . . . . . . . . 4 1 . . . . Combat Hostiles 1 | . . . . . . . . . . . . . . . 1 . . . . Follow-up Attacks . | . . . . . . . . . . . . . . . . . . . . Damage Inflicted 26111 | . 372 26 1873 397 . 22 1421 1547 1884 3235 428 3421 2734 1486 3213 332 933 39 2748 Guns 19312 | . 372 23 1852 383 . . 1186 1508 1884 3235 428 3421 2070 . 985 332 285 39 1309 Cannons 3844 | . . . . . . . 207 . . . . . 563 . 1001 . 648 . 1425 Explosions 162 | . . . . . . . . 33 . . . . 76 . 53 . . . . Melee 2660 | . . . . . . . . . . . . . . 1486 1174 . . . . Ramming 133 | . . 3 21 14 . 22 28 6 . . . . 25 . . . . . 14 Kinetic 17364 | . 137 11 1743 383 . . 1058 1484 1884 3235 428 3421 1917 . 244 120 285 9 1005 Thermal 4361 | . 235 12 109 . . . 245 33 . . . . 314 . 794 212 648 30 1729 Explosive . | . . . . . . . . . . . . . . . . . . . . Electromagnetic 1593 | . . . . . . . 90 24 . . . . 478 . 1001 . . . . Impact . | . . . . . . . . . . . . . . . . . . . . Slashing 2660 | . . . . . . . . . . . . . . 1486 1174 . . . . Piercing . | . . . . . . . . . . . . . . . . . . . . Highest Corruption 23 | . . . 3 3 3 3 . . 4 6 . . 2 3 15 15 15 15 23 Average Corruption 5 | . . . 3 3 3 3 . . 4 5 . . 1 2 9 15 15 15 5 Corruption Purged 4 | . . . . . . . . . . . . . . . . . . . 4 Effects 347 | . . . 25 27 11 6 . . 18 48 . . 4 4 76 31 54 9 34 Message Errors 57 | . . . 1 8 4 3 . . 5 8 . . 2 2 12 3 3 . 6 Matter Fused 71 | . . . 5 8 1 . . . 1 12 . . . 1 18 8 8 3 6 Heat Flow Errors 25 | . . . 3 2 1 . . . 1 8 . . . 1 3 1 5 . . Energy Discharges 28 | . . . 4 3 1 2 . . 1 2 . . 1 . 7 1 1 1 4 Parts Rejected 2 | . . . . . . . . . . . . . . . 1 1 . . . Data Loss (minor) 45 | . . . 4 6 4 1 . . . 4 . . . . 8 5 6 2 5 Data Loss (major) 6 | . . . . . . . . . . 2 . . . . 1 1 2 . . Misfires 3 | . . . . . . . . . . . . . . . 3 . . . . Alerts 2 | . . . . . . . . . . . . . . . . . 2 . . Misdirections 17 | . . . . . . . . . . . . . . . 6 3 3 1 4 Targeting Errors 66 | . . . 5 . . . . . 8 10 . . 1 . 14 7 15 2 4 Weapon Failures 25 | . . . 3 . . . . . 2 2 . . . . 3 1 9 . 5 Overload Shots . | . . . . . . . . . . . . . . . . . . . . Overflow Damage 546 | . . . . . . . . . . . . . 3 411 69 . 30 . 33 Projectiles 73 | . . . . . . . . . . . . . . . 10 . 30 . 33 Explosions 3 | . . . . . . . . . . . . . 3 . . . . . . Melee 470 | . . . . . . . . . . . . . . 411 59 . . . . Knockbacks . | . . . . . . . . . . . . . . . . . . . . Impact . | . . . . . . . . . . . . . . . . . . . . Kinetic . | . . . . . . . . . . . . . . . . . . . . Secondary . | . . . . . . . . . . . . . . . . . . . . Self-Inflicted Damage 87 | . . . . . . . . . . . . . 3 . 78 . . . 6 Shots 1 | . . . . . . . . . . . . . . . 1 . . . . Rammed 19 | . . 1 6 2 . 1 2 2 . . . . 3 . . . . . 2 Targets Rammed 21 | . . 1 6 2 . 2 2 2 . . . . 4 . . . . . 2 Kicked . | . . . . . . . . . . . . . . . . . . . . Crushed 2 | . . . . . . 1 . . . . . . 1 . . . . . . Highest Temperature 348 | . 52 40 230 263 233 . 232 221 153 251 . 44 252 113 348 236 291 108 262 Average Temperature 66 | . 23 25 36 78 120 . 75 57 22 76 . 18 72 63 84 81 108 56 92 Received Heat Transfer 4664 | . 42 . 489 153 . . 216 108 438 485 117 . 885 99 585 81 138 . 828 Effects 3 | . . . . . . . . . . . . . . . 1 . 2 . . Shutdowns 1 | . . . . . . . . . . . . . . . 1 . . . . Interference 2 | . . . . . . . . . . . . . . . . . 2 . . Siege Activations 9 | . . . . . . . . . . . . 2 2 1 . . . . 4 Total Turns 336 | . . . . . . . . . . . . 74 84 22 . . . . 156 Longest Duration 65 | . . . . . . . . . . . . 54 65 22 . . . . 57 Robots Corrupted 5 | . . . . . . . . . . . . . 1 . 4 . . . . Combat Hostiles 5 | . . . . . . . . . . . . . 1 . 4 . . . . Parts Fried 14 | . . . . . . . . . . 1 . . 3 . 10 . . . . Impact Corruptions . | . . . . . . . . . . . . . . . . . . . . Robots Melted . | . . . . . . . . . . . . . . . . . . . . Combat Hostiles . | . . . . . . . . . . . . . . . . . . . . Parts Melted 9 | . . . . . . . 1 1 . . . . 1 . 3 1 . . 2 Heat Transferred 5661 | . 525 25 250 . . . 407 50 . . . . 457 . 1660 259 400 37 1591 Parts Sabotaged 2 | . . . . . . . . . . . . . . . . . . . 2 Parts Stolen . | . . . . . . . . . . . . . . . . . . . . Parts Stripped . | . . . . . . . . . . . . . . . . . . . . Power Chain Reactions 3 | . . . . . . . . 1 . . . . 1 . 1 . . . . Missiles Intercepted . | . . . . . . . . . . . . . . . . . . . . Alert | -11 -10 -10 -9 -9 -9 -8 -8 -7 -6 -6 -5 -5 -5 -4 -4 -4 -4 -4 -3 ------- Run | Scr Mat Min Mat Min Exi Min Mat Fac Fac Ext Fac Was Fac Fac Gar Fac Upp Upp Res Peak Influence 1610 | . 172 146 411 221 . 5 390 300 292 526 317 110 321 293 1610 1126 . . 1196 Initial 844 | . . 66 56 116 . . 1 177 83 133 232 110 . 156 78 844 . . 696 Average 319 | . 65 118 272 54 . . 225 198 166 257 280 19 112 205 762 1034 . . 965 Maximum Alert Level 5 | . . . 2 1 . . 1 1 1 2 1 . 1 1 5 4 . . 4 Low Security (%) 47 | 100 100 100 25 88 . 100 29 54 80 18 . 100 73 56 13 . . . . Level 1 30 | . . . 69 11 . . 70 45 19 65 100 . 26 43 6 . . . . Level 2 5 | . . . 4 . . . . . . 15 . . . . 29 . . . 1 Level 3 10 | . . . . . . . . . . . . . . . 22 61 . . 84 Level 4 5 | . . . . . . . . . . . . . . . 25 38 . . 13 Level 5 . | . . . . . . . . . . . . . . . 2 . . . . High Security . | . . . . . . . . . . . . . . . . . . . . Max Security . | . . . . . . . . . . . . . . . . . . . . Squads Dispatched 35 | . 2 . 2 1 . . 1 5 2 4 1 . 5 1 . 1 . . 10 Investigation 10 | . 1 . . . . . 1 2 . 3 1 . 1 . . . . . 1 Extermination 6 | . . . . . . . . 2 . . . . . 1 . . . . 3 Reinforcement 14 | . 1 . 2 . . . . 1 2 1 . . 4 . . 1 . . 2 Assault 5 | . . . . 1 . . . . . . . . . . . . . . 4 Garrison . | . . . . . . . . . . . . . . . . . . . . Intercept . | . . . . . . . . . . . . . . . . . . . . Construction Impeded 3 | . . . . . . . . . 1 . . . . . . 1 . . 1 Haulers Reinforced 5 | . . . . . . . . 1 1 . . . 3 . . . . . . Stealth | -11 -10 -10 -9 -9 -9 -8 -8 -7 -6 -6 -5 -5 -5 -4 -4 -4 -4 -4 -3 --------- Run | Scr Mat Min Mat Min Exi Min Mat Fac Fac Ext Fac Was Fac Fac Gar Fac Upp Upp Res Distress Signals 9 | . 1 . 1 . . . 1 . 3 1 . . . . . . . . 2 Communications Jammed . | . . . . . . . . . . . . . . . . . . . . Distress Signals . | . . . . . . . . . . . . . . . . . . . . Times Spotted 345 | . 9 3 30 10 . . 22 22 20 28 7 6 36 9 45 7 22 5 64 Peak Tracking Total 18 | . 2 3 5 2 . . 4 4 9 7 4 3 12 6 5 3 5 5 18 Tactical Retreats 34 | . 1 1 . 4 . . . . 1 2 . . 7 1 7 . 3 . 7 Traps | -11 -10 -10 -9 -9 -9 -8 -8 -7 -6 -6 -5 -5 -5 -4 -4 -4 -4 -4 -3 ------- Run | Scr Mat Min Mat Min Exi Min Mat Fac Fac Ext Fac Was Fac Fac Gar Fac Upp Upp Res Traps Triggered 20 | . 1 . 1 . . . . 3 . 1 1 . 3 . 7 . . . 3 Indirectly . | . . . . . . . . . . . . . . . . . . . . Trap Hack Attempts . | . . . . . . . . . . . . . . . . . . . . Triggered . | . . . . . . . . . . . . . . . . . . . . Disarmed . | . . . . . . . . . . . . . . . . . . . . Reprogrammed . | . . . . . . . . . . . . . . . . . . . . Reused . | . . . . . . . . . . . . . . . . . . . . Traps Extracted . | . . . . . . . . . . . . . . . . . . . . Installed . | . . . . . . . . . . . . . . . . . . . . Triggered . | . . . . . . . . . . . . . . . . . . . . Machines | -11 -10 -10 -9 -9 -9 -8 -8 -7 -6 -6 -5 -5 -5 -4 -4 -4 -4 -4 -3 ---------- Run | Scr Mat Min Mat Min Exi Min Mat Fac Fac Ext Fac Was Fac Fac Gar Fac Upp Upp Res Machines Disabled 12 | . . . . 1 . . . 4 . 1 . . 1 . 3 1 . . 1 Max in Single Turn 4 | . . . . 1 . . . 4 . . . . 1 . 1 1 . . 1 Garrison Relay 3 | . . . . . . . . . . . . . . . 3 . . . . Machines Sabotaged . | . . . . . . . . . . . . . . . . . . . . Garrisons Compromised . | . . . . . . . . . . . . . . . . . . . . Overloaded Fab Kills . | . . . . . . . . . . . . . . . . . . . . Fab Network Shutdowns . | . . . . . . . . . . . . . . . . . . . . Hacking | -11 -10 -10 -9 -9 -9 -8 -8 -7 -6 -6 -5 -5 -5 -4 -4 -4 -4 -4 -3 --------- Run | Scr Mat Min Mat Min Exi Min Mat Fac Fac Ext Fac Was Fac Fac Gar Fac Upp Upp Res Machines Accessed 25 | . 2 . 2 1 . . 1 2 1 8 1 . 2 1 . . . . 4 Terminals 21 | . 2 . 2 . . . . 2 1 8 1 . 1 . . . . . 4 Fabricators . | . . . . . . . . . . . . . . . . . . . . Repair Stations 1 | . . . . . . . . . . . . . 1 . . . . . . Recycling Units 1 | . . . . . . . 1 . . . . . . . . . . . . Scanalyzers . | . . . . . . . . . . . . . . . . . . . . Garrison Access 1 | . . . . . . . . . . . . . . 1 . . . . . Total Hacks 58 | . 9 . 3 1 . . 1 3 3 20 3 . 3 3 . . . . 9 Successful 23 | . 5 . 1 1 . . 1 . 2 7 1 . 1 1 . . . . 3 Failed 35 | . 4 . 2 . . . . 3 1 13 2 . 2 2 . . . . 6 Catastrophic 8 | . . . 1 . . . . . 1 3 1 . 1 . . . . . 1 Database Lockouts . | . . . . . . . . . . . . . . . . . . . . Manual 28 | . 5 . 2 . . . 1 3 3 11 . . 1 . . . . . 2 Terminals 51 | . 9 . 3 . . . . 3 3 20 3 . 1 . . . . . 9 Fabricators . | . . . . . . . . . . . . . . . . . . . . Repair Stations 2 | . . . . . . . . . . . . . 2 . . . . . . Recycling Units 1 | . . . . . . . 1 . . . . . . . . . . . . Scanalyzers . | . . . . . . . . . . . . . . . . . . . . Garrison Access 3 | . . . . . . . . . . . . . . 3 . . . . . Terminal Hacks 12 | . 5 . 1 1 . . . . . 2 1 . . . . . . . 2 Robot Analysis 2 | . 2 . . . . . . . . . . . . . . . . . . Open Door 3 | . . . . 1 . . . . . 2 . . . . . . . . . Branch Access Points 3 | . 1 . 1 . . . . . . . . . . . . . . . 1 Alert Level 2 | . . . . . . . . . . . 1 . . . . . . . 1 Hauler Manifests 1 | . 1 . . . . . . . . . . . . . . . . . . Zone Layout 1 | . 1 . . . . . . . . . . . . . . . . . . Fabricator Hacks . | . . . . . . . . . . . . . . . . . . . . Repair Station Hacks 1 | . . . . . . . . . . . . . 1 . . . . . . Scan Component 1 | . . . . . . . . . . . . . 1 . . . . . . Recycling Unit Hacks . | . . . . . . . . . . . . . . . . . . . . Scanalyzer . | . . . . . . . . . . . . . . . . . . . . Garrison Access Hacks 1 | . . . . . . . . . . . . . . 1 . . . . . Unlock Access 1 | . . . . . . . . . . . . . . 1 . . . . . Unauthorized Hacks 9 | . . . . . . . 1 . 2 5 . . . . . . . . 1 Terminals 8 | . . . . . . . . . 2 5 . . . . . . . . 1 Assimilate 1 | . . . . . . . . . . 1 . . . . . . . . . Botnet 5 | . . . . . . . . . 1 3 . . . . . . . . 1 Operators 2 | . . . . . . . . . 1 1 . . . . . . . . . Fabricators . | . . . . . . . . . . . . . . . . . . . . Repair Stations . | . . . . . . . . . . . . . . . . . . . . Recycling Units 1 | . . . . . . . 1 . . . . . . . . . . . . Tunnel 1 | . . . . . . . 1 . . . . . . . . . . . . Scanalyzers . | . . . . . . . . . . . . . . . . . . . . Garrison Access . | . . . . . . . . . . . . . . . . . . . . Data Cores Recovered . | . . . . . . . . . . . . . . . . . . . . Used . | . . . . . . . . . . . . . . . . . . . . Hacking Detections 19 | . 1 . 1 . . . . 2 1 6 1 . 2 1 . . . . 4 Full Trace Events 5 | . . . . . . . . 1 . 2 1 . . . . . . . 1 Feedback Events . | . . . . . . . . . . . . . . . . . . . . Feedback Blocked . | . . . . . . . . . . . . . . . . . . . . Robot Schematics Acquired . | . . . . . . . . . . . . . . . . . . . . Robots Built . | . . . . . . . . . . . . . . . . . . . . Matter . | . . . . . . . . . . . . . . . . . . . . Time . | . . . . . . . . . . . . . . . . . . . . Total Robot Build Rating . | . . . . . . . . . . . . . . . . . . . . Part Schematics Acquired . | . . . . . . . . . . . . . . . . . . . . Parts Built . | . . . . . . . . . . . . . . . . . . . . Matter . | . . . . . . . . . . . . . . . . . . . . Time . | . . . . . . . . . . . . . . . . . . . . Total Part Build Rating . | . . . . . . . . . . . . . . . . . . . . Parts Repaired . | . . . . . . . . . . . . . . . . . . . . Time . | . . . . . . . . . . . . . . . . . . . . Parts Recycled . | . . . . . . . . . . . . . . . . . . . . Recycled Matter . | . . . . . . . . . . . . . . . . . . . . Retrieved Matter . | . . . . . . . . . . . . . . . . . . . . Retrieved Components . | . . . . . . . . . . . . . . . . . . . . Parts Scanalyzed . | . . . . . . . . . . . . . . . . . . . . Part Schematics Acquired . | . . . . . . . . . . . . . . . . . . . . Parts Damaged . | . . . . . . . . . . . . . . . . . . . . Bothacking | -11 -10 -10 -9 -9 -9 -8 -8 -7 -6 -6 -5 -5 -5 -4 -4 -4 -4 -4 -3 ------------ Run | Scr Mat Min Mat Min Exi Min Mat Fac Fac Ext Fac Was Fac Fac Gar Fac Upp Upp Res Used RIF Installer 1 | . . . . . . . . . . . . . . . 1 . . . . Robots Hacked . | . . . . . . . . . . . . . . . . . . . . Non-combat . | . . . . . . . . . . . . . . . . . . . . Combat . | . . . . . . . . . . . . . . . . . . . . Robot Hacks Applied . | . . . . . . . . . . . . . . . . . . . . Relay Couplers Released 14 | . . . . . . . . . . . . . . . 14 . . . . Machine Destruction 14 | . . . . . . . . . . . . . . . 14 . . . . Robots Rewired 10 | . . . . . . . . . . 4 . . . . 6 . . . . Allies Hacked . | . . . . . . . . . . . . . . . . . . . . Hacks Repelled . | . . . . . . . . . . . . . . . . . . . . Allies | -11 -10 -10 -9 -9 -9 -8 -8 -7 -6 -6 -5 -5 -5 -4 -4 -4 -4 -4 -3 -------- Run | Scr Mat Min Mat Min Exi Min Mat Fac Fac Ext Fac Was Fac Fac Gar Fac Upp Upp Res Total Allies 14 | . . . . 1 . . . . . 7 . . . . 6 . . . . Largest Group 7 | . . . . 1 1 1 1 . . 7 1 . . . 6 5 4 2 2 Highest-Rated Group 315 | . . . . 31 31 31 31 . . 315 129 . . . 312 259 211 112 112 Highest-Rated Ally 156 | . . . . 31 31 31 31 . . 156 129 . . . 56 56 56 56 56 Total Orders . | . . . . . . . . . . . . . . . . . . . . Ally Attacks 246 | . . . . 3 . . 11 . . 87 . . . . 46 35 49 7 8 Total Damage 7923 | . . . . 41 . . 211 . . 2405 . . . . 1750 1502 1476 268 270 Kills 58 | . . . . 1 . . 2 . . 19 . . . . 14 5 12 4 1 Allies Corrupted . | . . . . . . . . . . . . . . . . . . . . Allies Melted . | . . . . . . . . . . . . . . . . . . . . Intel | -11 -10 -10 -9 -9 -9 -8 -8 -7 -6 -6 -5 -5 -5 -4 -4 -4 -4 -4 -3 ------- Run | Scr Mat Min Mat Min Exi Min Mat Fac Fac Ext Fac Was Fac Fac Gar Fac Upp Upp Res Robot Analysis Total 2 | . 2 . . . . . . . . . . . . . . . . . . Derelict Logs Recovered 5 | . . 1 . 2 . . . . . . . . . . . . 2 . . Drone Launches . | . . . . . . . . . . . . . . . . . . . . Drone Recoveries . | . . . . . . . . . . . . . . . . . . . . Exploration | -11 -10 -10 -9 -9 -9 -8 -8 -7 -6 -6 -5 -5 -5 -4 -4 -4 -4 -4 -3 ------------- Run | Scr Mat Min Mat Min Exi Min Mat Fac Fac Ext Fac Was Fac Fac Gar Fac Upp Upp Res Turns Passed 14399 | 42 335 195 1342 1605 504 310 777 1691 512 1344 121 646 794 529 1514 359 632 123 1024 Spaces Moved 7648 | 36 175 110 583 752 279 170 334 901 225 634 56 267 405 317 914 268 441 98 683 Core 484 | 36 138 . . . . . . . . . . 1 81 39 . . . . 189 Treads 4862 | . 37 110 583 752 279 170 334 901 225 634 56 266 324 128 3 . . . 60 Legs . | . . . . . . . . . . . . . . . . . . . . Wheels 2301 | . . . . . . . . . . . . . . 150 911 268 441 98 433 Hover 1 | . . . . . . . . . . . . . . . . . . . 1 Flight . | . . . . . . . . . . . . . . . . . . . . Fastest Speed 50 | 50 100 160 160 180 180 180 180 165 165 165 156 100 50 50 110 110 110 110 50 Average Speed 148 | 83 144 160 172 180 180 180 180 167 169 176 156 169 142 124 112 110 110 110 98 Slowest Speed 280 | 100 160 160 180 180 180 180 180 180 170 185 156 180 180 180 280 120 110 110 165 Overloaded Moves . | . . . . . . . . . . . . . . . . . . . . Propulsion Burnouts . | . . . . . . . . . . . . . . . . . . . . Robots Hopped . | . . . . . . . . . . . . . . . . . . . . Cave-ins Triggered . | . . . . . . . . . . . . . . . . . . . . Exploration Rate (%) 41 | 3 37 34 53 99 67 66 44 32 10 66 3 99 15 10 79 7 71 18 21 Regions Visited 19 Branch Regions 7 Pre-discovered Areas 5 | . . . . 3 . . 1 . . . . . . . . . 1 . . Known Exits Taken 4 | . 1 1 1 . . . . . . . . . . 1 . . . . . Unknown Exits Taken 12 | 1 . . . 1 1 1 1 1 1 1 . . 1 . . 1 1 1 . Scrap Searched 7 | . . 2 . 3 . 1 . . . . . . . . . . 1 . . Spaces Dug 6 | . . . . . . . . . . . . . . . . . . . 6 Terrain Destroyed 117 | . . . . 1 . . 4 47 . . . . 5 . 18 3 10 2 27 Melee . | . . . . . . . . . . . . . . . . . . . . Projectile 48 | . . . . 1 . . 4 . . . . . 1 . . 3 10 2 27 AOE 69 | . . . . . . . . 47 . . . . 4 . 18 . . . . Terrain Rammed . | . . . . . . . . . . . . . . . . . . . . Walls Destroyed . | . . . . . . . . . . . . . . . . . . . . Machines Disabled . | . . . . . . . . . . . . . . . . . . . . Actions | -11 -10 -10 -9 -9 -9 -8 -8 -7 -6 -6 -5 -5 -5 -4 -4 -4 -4 -4 -3 --------- Run | Scr Mat Min Mat Min Exi Min Mat Fac Fac Ext Fac Was Fac Fac Gar Fac Upp Upp Res Total 9428 | 46 212 122 760 962 281 173 423 1023 295 767 70 364 505 393 1216 303 512 104 897 Wait 404 | . 1 2 21 165 2 . 12 5 1 13 . 18 16 18 25 10 37 3 55 Move 7630 | 35 174 109 582 751 278 169 333 900 224 633 56 266 404 316 913 267 440 97 683 Hop . | . . . . . . . . . . . . . . . . . . . . Pick Up 139 | 6 6 3 20 4 1 1 12 14 4 5 3 7 4 9 25 . . . 15 Fast Attach 107 | 3 . . 8 4 . . 3 5 5 5 . 15 10 14 11 8 . . 16 Attach 71 | 2 2 1 5 2 . . 4 4 5 3 2 7 3 3 13 . 1 . 14 Detach 6 | . . 1 . . . . . . 1 . . . . 1 . . . . 3 Swap 48 | . 1 . 10 4 . . 5 13 . 5 . 1 . . 7 . . . 2 Drop 151 | . 2 1 23 9 . 1 12 19 2 8 . 6 11 5 22 6 . . 24 Fire 651 | . 26 4 85 21 . . 40 59 53 48 9 44 53 . 76 12 34 4 83 Melee 56 | . . . . . . . . . . . . . . 27 29 . . . . Ram 3 | . . . . . . . . . . . . . 1 . . . . . 2 Kick . | . . . . . . . . . . . . . . . . . . . . Crush 18 | . . 1 6 2 . 2 2 2 . . . . 3 . . . . . . Escape Stasis 44 | . . . . . . . . 2 . 2 . . . . 40 . . . . Rewire 100 | . . . . . . . . . . 45 . . . . 55 . . . . Trap . | . . . . . . . . . . . . . . . . . . . . Miscellaneous . | . . . . . . . . . . . . . . . . . . . . Route ------- -11/Scrapyard -10/Materials (discovered 2 exits: *Min x2) -10/Mines (discovered 2 exits: *Mat x2) -9/Materials (discovered 4 exits: *Mat / *Min / *Sto x2) -9/Mines (discovered 3 exits: *Mat x2 / [*Exi]) -9/Exiles -8/Mines -8/Materials -7/Factory (discovered 3 exits: *Fac x2 / [*Low]) -6/Factory -6/Extension (discovered 2 exits: *Fac / [*Cet]) -5/Factory -5/Waste -5/Factory -4/Factory -4/Garrison (discovered 3 exits: [*Fac x3]) -4/Factory -4/Upper Caves -4/Upper Caves -3/Research (discovered 2 exits: Qua x2) History --------- Turn | Location | Event 9 | -11/Scrapyard | Discovered new exit (range 15) 43 | -11/Scrapyard | Entered Materials 55 | -10/Materials | Identified exit to Mines 307 | -10/Materials | Build established: Mutant 378 | -10/Materials | Entered Mines 391 | -10/Mines | Met a Derelict bent on vengeance 477 | -10/Mines | Identified exit to Materials 539 | -10/Mines | Found a damaged Exp. Sensor Array with a note attached 542 | -10/Mines | Found Prototype Device 550 | -10/Mines | Identified Exp. Sensor Array 553 | -10/Mines | Discovered exit to Materials (range 13) 573 | -10/Mines | Entered Materials 573 | -9/Materials | Evolved 2 slots: Utility x2 1188 | -9/Materials | Discovered new exit (range 6) 1233 | -9/Materials | Identified exit to Mines 1233 | -9/Materials | Identified exit to Storage 1239 | -9/Materials | Build established: Scavenger-Mutant 1714 | -9/Materials | Discovered new exit (range 4) 1915 | -9/Materials | Entered Mines 2028 | -9/Mines | Learned location of Zion (-7) 2131 | -9/Mines | Core integrity fell below 50% 2291 | -9/Mines | Assembled infested the area 2296 | -9/Mines | Assisted by a Guerilla fighting off Assembled 2454 | -9/Mines | Build established: Mutant 2502 | -9/Mines | Learned location of Storage (-9) 2688 | -9/Mines | A weapon hastily lodged in a ceiling crevice suddenly fell to the ground 2732 | -9/Mines | Discovered new exit (range 9) 2760 | -9/Mines | Found the Drone Emporium 2768 | -9/Mines | Found Prototype Device 2768 | -9/Mines | Identified Sensor Drone Bay 2875 | -9/Mines | Discovered new exit (range 14) 3232 | -9/Mines | Met a Derelict testing a Signal Generator 3507 | -9/Mines | Deemed a non-threat by the Exiles lab entrance 3509 | -9/Mines | Discovered new exit (range 5) 3520 | -9/Mines | Entered Exiles 3520 | -9/Exiles | Accompanied by 1 ally 3565 | -9/Exiles | Met 8R-AWN 3596 | -9/Exiles | Met EX-HEX 3691 | -9/Exiles | Met EX-DEC 3837 | -9/Exiles | Met EX-BIN 4006 | -9/Exiles | Discovered new exit (range 12) 4024 | -9/Exiles | Entered Mines 4024 | -8/Mines | Accompanied by 1 ally 4307 | -8/Mines | Discovered new exit (range 9) 4334 | -8/Mines | Entered Materials 4334 | -8/Materials | Accompanied by 1 ally 4334 | -8/Materials | Evolved 2 slots: Utility x1, Weapon x1 4637 | -8/Materials | Build established: Tank 5093 | -8/Materials | Discovered new exit (range 11) 5111 | -8/Materials | Entered Factory 5111 | -7/Factory | Evolved 2 slots: Utility x2 5175 | -7/Factory | Discovered new exit (range 16) 5750 | -7/Factory | Discovered new exit (range 16) 6696 | -7/Factory | Discovered new exit (range 15) 6802 | -7/Factory | Entered another Factory area 6802 | -6/Factory | Evolved 2 slots: Propulsion x1, Utility x1 7150 | -6/Factory | Discovered new exit (range 15) 7265 | -6/Factory | Destroyed 7 combat bots 7289 | -6/Factory | Lost 4 parts (2u2w) 7314 | -6/Factory | Entered Extension 7646 | -6/Extension | Rescued A7 7958 | -6/Extension | Rescued a captive Derelict 7959 | -6/Extension | Rescued a captive Derelict 8114 | -6/Extension | Build established: Scavenger-Tank 8339 | -6/Extension | Spotted B-75 Beast 8360 | -6/Extension | Destroyed B-75 Beast 8364 | -6/Extension | Disrupted transfer network 8372 | -6/Extension | Spotted B-75 Beast 8400 | -6/Extension | Destroyed B-75 Beast 8631 | -6/Extension | Discovered new exit (range 16) 8633 | -6/Extension | Discovered new exit (range 15) 8658 | -6/Extension | Entered Factory 8658 | -5/Factory | Accompanied by 1 ally (A7) 8658 | -5/Factory | Evolved 2 slots: Power x1, Propulsion x1 8779 | -5/Factory | Sucked down chute 8779 | -5/Factory | Entered Waste 8798 | -5/Waste | Spotted C-40 Crusher 8806 | -5/Waste | Spotted C-40 Crusher 8808 | -5/Waste | Spotted C-40 Crusher 8809 | -5/Waste | Spotted C-40 Crusher 8811 | -5/Waste | Spotted C-40 Crusher 8857 | -5/Waste | Crushed by Compactor (1 part destroyed, 1 dropped) 8860 | -5/Waste | Destroyed C-40 Crusher 8863 | -5/Waste | Spotted C-40 Crusher 8864 | -5/Waste | Crushed by Compactor (1 part destroyed, 2 dropped) 8867 | -5/Waste | Crushed by Compactor (1 part destroyed, 1 dropped) 8867 | -5/Waste | Found Damper Plating 8870 | -5/Waste | Crushed by Compactor (0 parts destroyed, 1 dropped) 8873 | -5/Waste | Crushed by Compactor (1 part destroyed) 8876 | -5/Waste | Crushed by Compactor (1 part destroyed, 2 dropped) 8882 | -5/Waste | Crushed by Compactor (1 part destroyed, 1 dropped) 8894 | -5/Waste | Crushed by Compactor (1 part destroyed, 1 dropped) 8897 | -5/Waste | Destroyed C-40 Crusher 8916 | -5/Waste | Found Damper Plating 8925 | -5/Waste | Lost 10 parts (1p4n4u1w) 8937 | -5/Waste | Found Damper Plating 9054 | -5/Waste | Destroyed C-40 Crusher 9058 | -5/Waste | Crushed by Compactor (0 parts destroyed, 1 dropped) 9064 | -5/Waste | Destroyed C-40 Crusher 9074 | -5/Waste | Crushed by Compactor (0 parts destroyed, 1 dropped) 9083 | -5/Waste | Destroyed C-40 Crusher 9096 | -5/Waste | Crushed by Compactor (0 parts destroyed, 1 dropped) 9103 | -5/Waste | Crushed by Compactor (0 parts destroyed, 1 dropped) 9114 | -5/Waste | Destroyed C-40 Crusher 9127 | -5/Waste | Found Damper Plating 9137 | -5/Waste | Found Damper Plating 9360 | -5/Waste | Discovered new exit (range 15) 9425 | -5/Waste | Entered Factory 10125 | -5/Factory | Lost 4 parts (1p2u1w) 10202 | -5/Factory | Discovered new exit (range 15) 10204 | -5/Factory | Lost 3 parts (1p2w) 10219 | -5/Factory | Entered another Factory area 10219 | -4/Factory | Evolved 2 slots: Utility x2 10600 | -4/Factory | Found Hvy. Reactive Plating 10603 | -4/Factory | Found Hvy. Reactive Plating 10606 | -4/Factory | Found Hvy. Reactive Plating 10629 | -4/Factory | Found Hvy. Reactive Plating 10631 | -4/Factory | Found Hvy. Reactive Plating 10633 | -4/Factory | Found Hvy. Reactive Plating 10746 | -4/Factory | Identified exit to Garrison 10748 | -4/Factory | Entered Garrison 10792 | -4/Garrison | Triggered checkpoint 10894 | -4/Garrison | Triggered checkpoint 10956 | -4/Garrison | Triggered checkpoint 11124 | -4/Garrison | Discovered new exit (range 9) 11258 | -4/Garrison | Triggered checkpoint 11330 | -4/Garrison | Triggered checkpoint 11414 | -4/Garrison | Garrison Relay disabled 11607 | -4/Garrison | System corruption reached 10% 11661 | -4/Garrison | Lost 3 parts (1p2u) 11822 | -4/Garrison | Triggered checkpoint 11862 | -4/Garrison | Discovered new exit (range 8) 11953 | -4/Garrison | Discovered new exit (range 10) 11958 | -4/Garrison | Triggered checkpoint 11974 | -4/Garrison | Installed Relay Interface Framework 12058 | -4/Garrison | Triggered checkpoint 12075 | -4/Garrison | Garrison Relay disabled 12132 | -4/Garrison | Triggered checkpoint 12178 | -4/Garrison | Triggered checkpoint 12220 | -4/Garrison | Garrison Relay disabled 12262 | -4/Garrison | Entered Factory 12262 | -4/Factory | Accompanied by 5 allies 12374 | -4/Factory | Discovered new exit (range 15) 12621 | -4/Factory | Entered Upper Caves 12621 | -4/Upper Caves | Accompanied by 4 allies 12759 | -4/Upper Caves | Learned Research garrison access intel 12926 | -4/Upper Caves | Spotted B-86 Titan 13010 | -4/Upper Caves | Allies destroyed B-86 Titan 13174 | -4/Upper Caves | Discovered new exit (range 6) 13253 | -4/Upper Caves | Entered another Upper Caves area 13253 | -4/Upper Caves | Accompanied by 2 allies 13343 | -4/Upper Caves | Discovered new exit (range 14) 13376 | -4/Upper Caves | Entered Research 13376 | -3/Research | Accompanied by 2 allies 13376 | -3/Research | Evolved 2 slots: Utility x2 13377 | -3/Research | Loaded intel: 3 garrison access locations 13443 | -3/Research | Identified exit to Quarantine 13529 | -3/Research | Spotted B-86 Titan 13543 | -3/Research | Destroyed B-86 Titan 13670 | -3/Research | First assault squad dispatched 13798 | -3/Research | Destroyed 8 combat bots 13827 | -3/Research | Lost 5 parts (3u2w) 13955 | -3/Research | Found Prototype Launcher 13956 | -3/Research | Identified Mni. Smartbomb Launcher 13962 | -3/Research | Found Mni. Smartbomb Launcher 14097 | -3/Research | Found Quantum Capacitor 14250 | -3/Research | System corruption reached 10% 14278 | -3/Research | Lost 11 parts (1p4n3u3w) 14303 | -3/Research | Core integrity fell below 50% 14312 | -3/Research | Spotted B-86 Titan 14333 | -3/Research | Lost 5 parts (2n3u) 14386 | -3/Research | Core integrity fell below 20% 14400 | -3/Research | Destroyed by H-77 Assassin with Coil Gun Last Messages --------------- 14338_ Critical hit. 14338_ Gravmag Array destroyed. 14366_ Connecting with Door Terminal... 14366_ ALERT: Suspicious activity at Terminal R001. Dispatching Investigation squad. 14369_ System corrupted: Energy discharge (-35). 14376_ ALERT: Rogue bot located, Programmers report to Research Zone 3X. 14382_ Adv. Weapon Cycler destroyed. 14385_ System corrupted: Matter fused (-10). 14385_ Slug penetrates Wall. 14390_ Penetrated by Slug. 14390_ Slug penetrates Wall. 14390_ Penetrated by Slug. 14390_ Slug penetrates Wall. 14392_ Slammed into H-77 Assassin. 14392_ Destabilizing: Core damaged (-39). 14393_ Penetrated by Slug. 14393_ Slug penetrates Wall. 14393_ Penetrated by Slug. 14394_ Slug penetrates Wall. Map ----- +----------------------------------------------------+ | ?????????????????????????????# | | ?????????????????????????????# | | ??????????????????????????? | | ???????????????????????????? | | ???????????????????????????? | | ???????????????????????????? ######### | | ????????????????????????????? # | | ?????????????????????????????##+########## | | ?????????????????????????????????????????# | | ?????????????????????????????????????????# | | ??????????????????????? ?????????????????# | | ?????????????????????# ?????????????????# | | ?????????????????????# ?????????????????# | | ?????????????????????# ?????????????????# | | ?????????????????????# ????????????????# | | ?????????????????????# ??????????????###+####### | | ?????????????????????# ??????????????# #???? | | ?????????????????????# ?????########## ###?? | | ?????????????????????? ! | | ??????????????????????? ?????#######+## ##### | | ???????????????????????# ???????# ph #! #???? | | ???????????????????????# ########h! ###+###???? | | ???????????????????????# ; #?????????? | | ???????????????????????# # #?????????? | | ????????????????????#### # #?????????? | | ????????????????????+ @ + #?????????? | | ????????????????????####+#### ##########?????????? | | ????????????????????????????# #??????????????????? | | ????????????????????????????# #??????????????????? | | ????????????????????????????# #??????????????????? | | ????????????????????????????# #??????????????????? | | ????????????????????????????# #??????????????????? | | ????????????????????????????# #??????????????????? | | ????????????????????????????# #??????????????????? | | ????????????????????????????? ???????????????????? | | ????????????????????????????? ???????????????????? | | ?????????????????????????????#???????????????????? | | ?????????????????????????????????????????????????? | | ?????????????????????????????????????????????????? | | ?????????????????????????????????????????????????? | | ?????????????????????????????????????????????????? | | ?????????????????????????????????????????????????? | | ?????????????????????????????????????????????????? | | ?????????????????????????????????????????????????? | | ?????????????????????????????????????????????????? | | ?????????????????????????????????????????????????? | | ?????????????????????????????????????????????????? | | ?????????????????????????????????????????????????? | | ?????????????????????????????????????????????????? | | ?????????????????????????????????????????????????? | +----------------------------------------------------+ Best States ------------- Heat Dissipation 103 Energy Generation 37 Energy Capacity 550 Matter Stores 300 Matter Capacity 300 Sight Range 16 Robot Scan Range 30 Terrain Scan Range 16 Terrain Scan Density 10 Armor Coverage 4800 Resistance: KI 40 Resistance: EM 90 Propulsion Shielding 66 Weapon Shielding 66 Weapon Cycling 25 Evasion (%) 50 Armor Integrity Analysis 66 Recoil Reduction 4 Matter Filtering 50 Particle Charging 30 Kinecelleration 40 Salvage Targeting 1 Offensive Hacking 12 Item Schematics ----------------- None Robot Schematics ------------------ None Fabricated ------------ Nothing Alien Tech Used ----------------- None Achievements -------------- Gun Specialist Challenges ------------ None Game ------ Seed BiometalCloakProtomatter Manual? 0 Play Time 01:36:13 Cumulative 398.2 hours Start 2021.05.01 @ 15:39:54 End 2021.05.01 @ 17:15:08 Sessions 1 Manual Loads 0 Difficulty Rogue Special Mode None Game No. 308 Rogue 301 Adventurer 0 Explorer 7 Win Type - Total 17 Types 7/1/9/0/0/0/0/0/0 Lore% 80 Gallery% 93 Achievement% 77 Wizard Run 0 Options --------- ASCII 0 Keyboard 0 Movement Numpad Keybinds 0 Fullscreen 1 Font 18/X11Bold Map View 76x50 Tactical HUD 1 Map Filters NONE Filters NONE Steam 1 RUN: 83f67bc7-c9e1-4cc6-bcf6-b45a69e51ddb